 Dungeon Crawl Stone Soup version 0.30-a0-385-gfebfb9b408 (webtiles) character file.

Game seed: 3594267709052800013

77 freelancePsychic the Digger (level 4, -1/36 HPs)
             Began as a Hill Orc Earth Elementalist on Dec 2, 2022.
             Slain by an orc
             ... wielding a +0 falchion
              (4 damage)
             ... on level 2 of the Dungeon.
             The game lasted 00:02:11 (1504 turns).

freelancePsychic the Digger (HOEE)                  Turns: 1504, Time: 00:02:12

Health: -1/36      AC:  3    Str: 10    XL:     4   Next: 33%
Magic:  0/6        EV: 11    Int: 17    God:
Gold:   70         SH:  0    Dex: 11    Spells: 5/6 levels left

rFire   . . .      SeeInvis .    b - +0 whip (drain)
rCold   . . .      Faith    .    (no shield)
rNeg    . . .      Spirit   .    c - +0 leather armour
rPois   .          Reflect  .    (no helmet)
rElec   .          Harm     .    (no cloak)
rCorr   .          Rampage  .    (no gloves)
Will    .....                    (no boots)
Stlth   +.........               (no amulet)
HPRegen 0.26/turn                g - ring of flight
MPRegen 0.10/turn                (no ring)

@: flying
A: no striking features
a: no special abilities


You were on level 2 of the Dungeon.
You visited 1 branch of the dungeon, and saw 2 of its levels.

You collected 70 gold pieces.

Inventory:

Hand Weapons
 b - a +0 whip of draining (weapon)
Armour
 a - a +0 robe
 c - a +0 leather armour (worn)
Jewellery
 g - a ring of flight (left hand)
Scrolls
 d - a scroll of magic mapping {unknown}
 h - a scroll of enchant weapon {unknown}
Potions
 e - a potion of brilliance {unknown}
 f - a potion of lignification {unknown}
 i - a potion of might {unknown}


   Skills:
 + Level 1.8 Fighting
 - Level 1.5 Dodging
 - Level 1.5 Stealth
 - Level 1.5 Spellcasting
 * Level 2.2 Conjurations
 - Level 0.6 Transmutations
 * Level 3.9 Earth Magic


You had 5 spell levels left.
You knew the following spells:

 Your Spells              Type           Power      Damage    Failure   Level
a - Sandblast             Erth           28%        2d8       5%          1

Your spell library contained the following spells:

 Spells                   Type           Power      Damage    Failure   Level
 Passwall                 Tmut/Erth      7%         N/A       17%         2
 Sting                    Tmut/Pois      8%         1d3       24%         1
 Stone Arrow              Conj/Erth      22%        3d8       24%         3
 Poisonous Vapours        Pois/Air       2%         N/A       38%         2
 Petrify                  Tmut/Erth      9%         N/A       73%         4
 Olgreb's Toxic Radiance  Pois           1%         N/A       95%         4


Dungeon Overview and Level Annotations

Branches:
Dungeon (2/15)

Altars:


Message History

Confirm with . or Enter, or press ? or * to list all spells.
Aiming: Sandblast (safe; 5% risk of failure)
Press: ? - help, Shift-Dir - straight line, f - orc
Aim: an orc, wielding a +0 falchion, wearing a +0 chain mail, wearing a ring of wizardry and quivering boomerangs (87% to hit)
The blast of sand hits the orc but does no damage.
You completely miss the orc. The orc misses you.
You closely miss the orc. The orc attacks as you move away!
The orc barely misses you.
You hit the orc but do no damage. The orc hits you with a +0 hand axe.
* * * LOW HITPOINT WARNING * * *
You see here a bat corpse.
You hit the orc but do no damage. The orc attacks as you move away!
The orc hits you with a +0 hand axe.
* * * LOW HITPOINT WARNING * * *
Casting: Sandblast (safe; 5% risk of failure)
Confirm with . or Enter, or press ? or * to list all spells.
Aiming: Sandblast (safe; 5% risk of failure)
Press: ? - help, Shift-Dir - straight line, f/p - orc
Aim: an orc, wielding a +0 falchion, wearing a +0 chain mail, wearing a ring of wizardry and quivering boomerangs (87% to hit)
The blast of sand hits the orc.
The orc is moderately wounded.
The orc completely misses you.
The orc throws a boomerang.
The boomerang hits you but does no damage.
You barely miss the orc.
The orc is moderately wounded.
The orc hits you with a +0 hand axe.
* * * LOW HITPOINT WARNING * * *
You hit the orc. You drain the orc.
You kill the orc!
The orc closely misses you.
You hit the orc but do no damage. The orc closely misses you.
You barely miss the orc. The orc closely misses you.
Casting: Sandblast (safe; 5% risk of failure)
Confirm with . or Enter, or press ? or * to list all spells.
Aiming: Sandblast (safe; 5% risk of failure)
Press: ? - help, Shift-Dir - straight line, f/p - orc
Aim: an orc, wielding a +0 falchion, wearing a +0 chain mail, wearing a ring of wizardry and quivering boomerangs (87% to hit)
The blast of sand misses the orc.
The orc closely misses you.
You hit the orc but do no damage. The orc hits you with a +0 falchion.
You die...

#.# #.# #.# #.#
#####)# #.#
#.....### #.#
#.#.....#######.##
#.# #
#.#(#...........
#.#
###.#.#.#....######
#.# .......)#.##.#
#.#### ##..@o.##.#
# #.<..#
########.###...#
####.# #.........#
#.# #.###.##### #.#
#.# #... #.# #.#
#####
#.##########.#
#............#
##############


You could see an orc.

Vanquished Creatures
  An orc priest (D:2)
  A gnoll (D:1)
  A dart slug (D:1)
  An orc (D:2)
  5 bats
  3 endoplasms (D:1)
  A giant cockroach (D:1)
  2 goblins (D:1)
  3 hobgoblins
  2 jackals (D:1)
  2 quokkas (D:1)
  7 ball pythons (D:1)
  2 frilled lizards (D:1)
  2 kobolds (D:1)
33 creatures vanquished.

Notes
Turn   | Place    | Note
-------+----------+-------------------------------------------
     0 | D:1      | freelancePsychic the Hill Orc Earth Elementalist began the
                  | quest for the Orb.
     0 | D:1      | Reached XP level 1. HP: 14/14 MP: 3/3
   239 | D:1      | Reached XP level 2. HP: 22/22 MP: 0/4
   241 | D:1      | Reached skill level 1 in Fighting
   241 | D:1      | Reached skill level 1 in Conjurations
   509 | D:1      | Reached XP level 3. HP: 28/28 MP: 3/5
  1163 | D:1      | Found a faded altar of an unknown god.
  1487 | D:2      | Reached XP level 4. HP: 7/36 MP: 1/6
  1499 | D:2      | HP: 1/36 [orc/+0 hand axe (5)]
  1504 | D:2      | Slain by an orc

Illustrated notes

Levels and vault maps discovered:
D:1:      ncdulo_wetmaze, layout_basic, nicolae_ecumenical_lake_church,
          minmay_shallow_snake_nest
D:2:      layout_loops_ring, basic_altar, uniq_natasha

Skill      XL: |  1  2  3 |
---------------+----------+-----
Fighting       | 1 |  1.8
Conjurations   | 1 2 |  2.2
Dodging        | |  1.5
Stealth        | |  1.5
Spellcasting   | |  1.5
Transmutations | |  0.6
Earth Magic    | |  3.9

Action                   |  1- 3 |  4- 6 || total
-------------------------+-------+-------++-------
Melee: Whip              |    16 |     9 ||    25
 Cast: Sandblast         |    46 |     3 ||    49
  Use: Potion            |     1 |       ||     1
       Scroll            |     2 |       ||     2
Armor: Leather armour    |     6 |     1 ||     7
Dodge: Dodged            |    25 |     7 ||    32

Table legend: (Time is in decaauts)
 A = Elapsed time spent in this place.
 B = Non-inter-level travel time spent in this place.
 C = Inter-level travel time spent in this place.
 D = Time resting spent in this place.
 E = Time spent auto-exploring this place.
 F = Levels seen in this place.
 G = Mean time per level.
                   A        B        C        D        E       F      G
               +--------+--------+--------+--------+--------+-----+--------+
         Total |   1536 |   1504 |     32 |     38 |   1230 |   2 |  768.0 |
       Dungeon |   1536 |   1504 |     32 |     38 |   1230 |   2 |  768.0 |
               +--------+--------+--------+--------+--------+-----+--------+

Top non-repeatable levels by time:
     D:1: 1395 daAuts
     D:2: 140 daAuts
